 Dungeon Crawl Stone Soup version 0.18-a0-816-g97f838e (webtiles) character file.

3012 gorblad the Carver (level 9, -1/65 HPs)
             Began as a Mummy Gladiator on Dec 11, 2015.
             Was a Priest of Cheibriados.
             Killed from afar by an electric eel (5 damage)
             ... with a bolt of electricity
             ... on level 8 of the Dungeon on Dec 15, 2015.
             The game lasted 00:18:10 (7186 turns).

gorblad the Carver (Mummy Gladiator)                Turns: 7186, Time: 00:18:10

Health: -1/65      AC: 10    Str: 27    XL:     9   Next: 55%
Magic:  0/14       EV: 16    Int: 14    God:    Cheibriados [***...]
Gold:   367        SH:  0    Dex: 18    Spells: 0 memorised, 8 levels left

rFire  x . .     SeeInvis .     y - +1 great sword (freeze)
rCold  + . .     Clarity  .     l - +4 moon troll leather armour {Spirit, Regen++ MP+5}
rNeg   + + +     SustAt   .     (shield currently unavailable)
rPois  ∞         Gourm    .     c - +0 helmet
rElec  .         Spirit   +     g - +0 cloak
rCorr  .         Dismiss  .     (no gloves)
rMut   .         Stasis   .     (no boots)
MR     +....                    (no amulet)
Stlth  +.........               (no ring)
                                (no ring)

@: very slow, somewhat resistant to hostile enchantments, very unstealthy
A: no food or potions, fire vulnerability, cold resistance 1, negative energy
resistance 3, torment resistance, unbreathing
a: Bend Time, Temporal Distortion, Renounce Religion


You were on level 8 of the Dungeon.
You worshipped Cheibriados.
Cheibriados was most pleased with you.
You were not hungry.

You visited 2 branches of the dungeon, and saw 9 of its levels.

You collected 367 gold pieces.

Inventory:

Hand Weapons
 a - a +0 quarterstaff
 p - a +0 great sword
 x - a +3 battleaxe of freezing
 y - a +1 great sword of freezing (weapon)
Missiles
 d - 2 throwing nets (quivered)
 q - 2 poisoned tomahawks
Armour
 b - a +0 leather armour
 c - a +0 helmet (worn)
 g - a +0 cloak (worn)
 l - the +4 moon troll leather armour (worn) {Spirit, Regen++ MP+5}
   (You found it on level 5 of the Dungeon)

   It affects your magic capacity (+5).
   It increases your rate of regeneration.
Jewellery
 r - an uncursed ring of sustain attributes
 s - an uncursed ring of ice
Wands
 i - a wand of fire (5)
 k - a wand of confusion (26)
 m - a wand of digging (14)
 t - a wand of magic darts (31)
 u - a wand of draining (5)
Scrolls
 f - a scroll of fog
 h - a scroll of teleportation
 j - a scroll of amnesia
 n - a scroll of remove curse
Books
 e - a Young Poisoner's Handbook

   Spells                             Type                      Level
   a - Sting                          Conjuration/Poison           1
   b - Cure Poison                    Poison                       2
   c - Mephitic Cloud                 Conjuration/Poison/Air       3
   d - Olgreb's Toxic Radiance        Poison                       4
   e - Venom Bolt                     Conjuration/Poison           5
 o - a book of Fire

   Spells                             Type                      Level
   a - Ignite Poison                  Fire/Transmutation/Poison    3
   b - Fireball                       Conjuration/Fire             5
   c - Bolt of Fire                   Conjuration/Fire             6
   d - Delayed Fireball               Conjuration/Fire             7
   e - Ring of Flames                 Charms/Fire                  7


   Skills:
 + Level 4.0 Fighting
 - Level 9.0 Long Blades
 - Level 2.4 Staves
 - Level 1.5 Throwing
 - Level 6.4 Dodging


You had 8 spell levels left.
You didn't know any spells.

Dungeon Overview and Level Annotations

Branches:
Dungeon (8/15)             Temple (1/1) D:4
   Lair: D:8-11

Altars:
Ashenzari
Cheibriados
Dithmenos
Elyvilon
Fedhas
Gozag
Kikubaaqudgha
Nemelex Xobeh
Okawaru
Pakellas
Qazlal
Ru
Sif Muna
Trog
Vehumet
Xom
Yredelemnul
Zin
The Shining One

Shops:
D:5 !   D:7 %


Innate Abilities, Weirdness & Mutations

You do not eat or drink.
Your flesh is vulnerable to fire.
You are immune to poison.
Your flesh is cold resistant.
You are immune to negative energy.
You are immune to unholy pain and torment.
You can survive without breathing.


Message History

Unknown command.
You are too injured to fight recklessly!
Unknown command.
You are too injured to fight recklessly!
You closely miss the electric eel.
The electric eel is heavily wounded.
The electric eel is no longer moving slowly.
The electric eel shoots out a bolt of lightning at you!
The bolt of electricity hits you!
* * * LOW HITPOINT WARNING * * *
The bolt of electricity hits the plant.
The plant is destroyed!
Your unstable footing causes you to fumble your attack.
The electric eel shoots out a bolt of lightning at you!
The bolt of electricity hits you!
* * * LOW HITPOINT WARNING * * *
The bolt of electricity hits the plant. x2
The electric eel shoots out a bolt of lightning at you!
The bolt of electricity hits the plant.
The bolt of electricity hits you!
You die...

#.♣≈ ≈≈≈≈≈P≈
#.PP≈≈≈≈≈≈≈≈
#≈≈PP≈≈≈≈≈≈≈≈
#≈≈P♣≈≈≈≈≈≈≈≈
##≈P≈≈≈≈≈≈≈≈≈≈P
#.≈≈≈≈≈≈≈≈≈≈≈≈P♣
♣≈P;≈≈≈≈≈≈≈≈PP♣####
♣≈≈≈;≈≈≈≈≈≈ ♣≈....
♣P@P≈≈≈≈≈≈≈≈ ♣≈####
♣≈≈†P≈≈≈≈≈≈≈ ♣♣####
##♣≈≈≈≈≈≈≈≈≈≈P♣ #..
#..≈♣≈≈≈≈≈≈≈≈≈≈♣###.#
#.#♣≈≈≈P≈≈≈♣≈♣≈≈.....
#. ♣≈P♣≈≈≈≈P≈≈♣♣.....
# ♣♣≈≈P≈≈≈≈≈♣≈.#####
♣P≈♣≈≈♣≈≈♣)##
#♣P≈≈≈P≈P(!#


You could see 2 electric eels.

Vanquished Creatures
  Grinder (D:5)
  Sigmund (D:6)
  Edmund (D:6)
  A water moccasin (D:6)
  2 black bears
  An orc warrior (D:7)
  An ogre (D:7)
  2 sky beasts
  2 centaurs
  A big kobold (D:8)
  4 giant frogs
  2 scorpions (D:6)
  8 wights
  An electric eel (D:8)
  4 crimson imps
  A giant frog skeleton (D:5)
  Crazy Yiuf (D:2)
  7 orc priests
  5 orc wizards
  Ijyb (D:2)
  A hound (D:4)
  4 worker ants
  A hound skeleton (D:7)
  2 worker ant zombies (D:5)
  7 gnolls
  A shadow imp (D:7)
  5 adders
  An adder zombie (D:5)
  5 worms
  6 giant geckos
  16 orcs
  A ball python (D:7)
  6 bats
  5 giant cockroaches
  16 goblins
  7 hobgoblins
  4 giant newts
  8 jackals
  8 kobolds
  A quokka (D:2)
  12 rats
164 creatures vanquished.

Vanquished Creatures (others)
  A plant (D:8)
1 creature vanquished.

Grand Total: 165 creatures vanquished

Notes
Turn   | Place    | Note
--------------------------------------------------------------
     0 | D:1      | gorblad the Mummy Gladiator began the quest for the Orb.
     0 | D:1      | Reached XP level 1. HP: 16/16 MP: 1/1
   104 | D:1      | Reached XP level 2. HP: 9/22 MP: 2/2
   320 | D:1      | Reached skill level 3 in Dodging
   924 | D:2      | Upgraded the game from 0.18-a0-750-g37044d6 to 0.18-a0-816-g97f838e
  1096 | D:2      | Reached XP level 3. HP: 27/27 MP: 3/3
  1118 | D:2      | Noticed Ijyb
  1132 | D:2      | Killed Ijyb
  1272 | D:2      | Reached skill level 4 in Dodging
  1476 | D:2      | Reached XP level 4. HP: 26/33 MP: 4/4
  1900 | D:2      | Found a shimmering altar of Xom.
  2055 | D:2      | Noticed Crazy Yiuf
  2067 | D:2      | HP: 1/33 [Crazy Yiuf/quarterstaff of chaos (9)]
  2072 | D:2      | Killed Crazy Yiuf
  2514 | D:3      | Reached XP level 5. HP: 12/38 MP: 5/5
  2769 | D:3      | Reached skill level 5 in Dodging
  3609 | D:4      | Reached XP level 6. HP: 33/44 MP: 6/6
  3728 | D:4      | Found a staircase to the Ecumenical Temple.
  3788 | D:4      | Reached skill level 6 in Dodging
  4258 | Temple   | Entered the Ecumenical Temple
  4386 | Temple   | Became a worshipper of Cheibriados the Contemplative
  4413 | D:5      | Entered Level 5 of the Dungeon
  4423 | D:5      | Found Ypiloah's Distillery.
  4822 | D:5      | Noticed a moth of wrath
  4825 | D:5      | Found a bloodstained altar of Trog.
  5250 | D:5      | Reached skill level 1 in Long Blades
  5263 | D:5      | Reached XP level 7. HP: 50/50 MP: 7/7
  5289 | D:5      | Reached * piety under Cheibriados
  5342 | D:5      | Noticed Grinder
  5360 | D:5      | Paralysed by Grinder for 7 turns
  5371 | D:5      | Killed Grinder
  5615 | D:6      | Reached XP level 8. HP: 51/56 MP: 8/8
  5624 | D:6      | Reached skill level 5 in Long Blades
  5820 | D:6      | Noticed Sigmund
  5834 | D:6      | Killed Sigmund
  5834 | D:6      | Reached skill level 7 in Long Blades
  5951 | D:6      | Noticed Edmund
  5967 | D:6      | Killed Edmund
  6269 | D:7      | Reached ** piety under Cheibriados
  6330 | D:7      | Reached XP level 9. HP: 53/61 MP: 9/9
  6356 | D:7      | Reached skill level 8 in Long Blades
  6432 | D:7      | HP: 3/61 [orc warrior/hand axe (7)]
  6501 | D:7      | Reached skill level 9 in Long Blades
  6641 | D:7      | Found Laly's Food Emporium.
  6954 | D:8      | Reached *** piety under Cheibriados
  7185 | D:8      | HP: 1/65 [electric eel/bolt of electricity (13)]
  7186 | D:8      | Killed from afar by an electric eel

Vault maps used:
D:1:      ncdulo_lavacross
D:2:      kennysheep_goblin_castle, nicolae_overflow_hidden_temple,
          uniq_crazy_yiuf_cottage
D:3:      corexii_leaking_fountain, lemuel_old_faithful
D:4:      temple_fountains
D:5:      serial_shops, kennysheep_mini_moat, first_bread, tgw_trog,
          uniq_grinder
D:6:      minivault_19, uniq_sigmund, uniq_edmund
D:7:      serial_shops, shop
D:8:      blue_anna_alchemist, serial_bayou_lake_a
Temple:   grunt_circular_temple_18

Action                   |  1- 3 |  4- 6 |  7- 9 || total
-------------------------+-------+-------+-------++-------
Melee: Quarterstaff      |   121 |   229 |       ||   350
       Great sword       |       |    40 |   307 ||   347
Throw: Throwing net      |       |       |     3 ||     3
       Tomahawk          |       |       |     1 ||     1
  Use: Scroll            |     3 |     7 |    14 ||    24
